AoeStats
← Moul_Thon

Lombardia

509225817Analyzed
2v2 RM · 7d ago on Sep 26, 2026· 73m 9s· 4 players
Game mode
Random Map
Map size
Medium (4 player)
Population
200
Speed
Normal
Resources
Standard
Victory
Conquest
Starting age
Dark Age
Ending age
Imperial Age
RankedLock teamsTeams togetherTeam positionsShared explorationLock speedFull tech treeHidden civsTurbo modeCheats
Victory
Defeat
🇩🇰 Varangians · Denmark
1253
+15
🇦🇷 Britons · Argentina
1227
+16
🇲🇦 Burgundians · Morocco
1286
-17
🇲🇦 Huns · Morocco
1189
-14
[ALWM]jinikoro
12:15 Feudal Age
13:19 Loom
15:01 Fletching
15:12 Padded Archer Armor
15:39 Double-Bit Axe
19:13 Castle Age
19:02 Gold Mining
18:56 Horse Collar
21:20 Pikeman
22:57 Wheelbarrow
24:09 Scale Mail Armor
24:19 Forging
32:17 Hand Cart
48:39 Imperial Age
56:22 Bodkin Arrow
56:42 Elite Skirmisher
57:47 Leather Archer Armor
66:26 Imperial Age
68:15 Chemistry
Moul_Thon
5:02 Loom
9:28 Feudal Age
19:13 Castle Age
17:22 Double-Bit Axe
17:20 Horse Collar
18:58 Stone Mining
21:16 Pikeman
21:57 Squires
24:18 Town Watch
26:31 Wheelbarrow
27:00 Cavalier
28:09 Scale Barding Armor
31:35 Gold Mining
32:04 Husbandry
33:04 Forging
37:48 Iron Casting
38:13 Gold Shaft Mining
39:39 Heavy Plow
40:48 Chain Barding Armor
52:57 Imperial Age
51:15 Hand Cart
53:10 Paladin
56:06 Plate Barding Armor
56:32 Blast Furnace
56:35 Conscription
58:39 Town Patrol
61:23 Chemistry
61:01 Hand Cart
61:02 Capped Ram
62:28 Stone Shaft Mining
[TUC] P E L U S A
1:15 Loom
11:30 Feudal Age
16:10 Castle Age
14:36 Double-Bit Axe
14:38 Horse Collar
17:34 Scale Mail Armor
18:33 Bloodlines
22:02 Husbandry
24:50 Town Watch
25:35 Bow Saw
26:44 Wheelbarrow
27:05 Heavy Plow
31:02 Forging
32:04 Gold Mining
32:35 Caravan
33:39 Scale Barding Armor
41:16 Imperial Age
40:21 Coinage
40:50 Hand Cart
42:10 Cavalier
43:34 Pikeman
44:14 Squires
45:43 Chain Mail Armor
45:32 Squires
47:27 Squires
55:20 Gambesons
57:10 Halberdier
57:35 Elite Varangian Guard
59:47 Light Cavalry
60:40 Fletching
61:27 Iron Casting
63:12 Plate Mail Armor
66:23 Crop Rotation
65:54 Hussar
70:24 Chain Barding Armor
71:24 Capped Ram
[TUC] NAGES
2:17 Loom
4:04 Loom
11:55 Feudal Age
17:21 Castle Age
16:24 Double-Bit Axe
16:42 Padded Archer Armor
16:32 Fletching
16:55 Gold Mining
16:48 Horse Collar
21:04 Crossbowman
25:29 Leather Archer Armor
27:41 Bodkin Arrow
30:48 Pikeman
31:28 Squires
37:45 Wheelbarrow
40:04 Caravan
41:05 Ballistics
41:21 Scale Mail Armor
41:31 Forging
41:45 Hand Cart
41:45 Bow Saw
48:49 Imperial Age
57:58 Light Cavalry
58:54 Arbalester
59:46 Scale Barding Armor
63:28 Halberdier
67:56 Ring Archer Armor
67:27 Bracer
68:03 Iron Casting
67:44 Chain Mail Armor
71:39 Chemistry
Connection lost

Rejoining the realm…

Still unreachable

The connection could not be restored.

Session expired

The server has moved on; the page needs a fresh start.